 Dungeon Crawl Stone Soup version 0.28.0-45-g0d030f2227 (webtiles) character file.

Game seed: 12225732191395489812

1955 Iusername the Protected (level 8, -2/71 HPs)
             Began as a Minotaur Fighter on Apr 6, 2022.
             Hit by a boomerang thrown by an orc warrior (6 damage)
             ... on level 6 of the Dungeon.
             The game lasted 00:16:47 (7547 turns).

Iusername the Protected (Minotaur Fighter)          Turns: 7547, Time: 00:16:47

Health: -2/71      AC: 15    Str: 22    XL:     8   Next: 99%
Magic:  7/7        EV:  7    Int:  5    God:
Gold:   265        SH:  0    Dex: 11    Spells: 7/7 levels left

rFire   . . .      SeeInvis .   E - +4 quarterstaff (chaos)
rCold   . . .      Faith    .   (shield currently unavailable)
rNeg    + . .      Spirit   .   q - +0 plate armour
rPois   +          Reflect  .   (helmet restricted)
rElec   .          Harm     .   F - +0 cloak
rCorr   .          Rampage  .   (no gloves)
Will    .....                   (no boots)
Stlth   ..........              h - amulet of magic regeneration
HPRegen 0.21/turn               d - ring of positive energy
MPRegen 0.50/turn               x - ring of poison resistance

@: no status effects
A: horns 2, retaliatory headbutt
a: no special abilities


You were on level 6 of the Dungeon.
You visited 1 branch of the dungeon, and saw 6 of its levels.

You collected 265 gold pieces.

Inventory:

Hand Weapons
 a - a +0 trident
 s - a +1 whip of flaming
 E - a +4 quarterstaff of chaos (weapon)
Missiles
 k - 9 poisoned darts
 D - 2 atropa-tipped darts
Armour
 b - a +0 scale mail
 c - a +0 buckler
 q - a +0 plate armour (worn)
 F - a +0 cloak (worn)
Jewellery
 d - a ring of positive energy (left hand)
 h - an amulet of magic regeneration (around neck)
 x - a ring of poison resistance (right hand)
Wands
 B - a wand of flame (9) (quivered)
 C - a wand of acid (5)
Scrolls
 j - a scroll of silence {unknown}
 o - 2 scrolls of noise
 p - a scroll of summoning {unknown}
 t - a scroll of amnesia {unknown}
 u - a scroll of holy word {unknown}
 v - a scroll of brand weapon {unknown}
 w - a scroll of magic mapping {unknown}
 y - a scroll of identify
 z - a scroll of vulnerability {unknown}
Potions
 e - 2 potions of mutation
 f - 2 potions of degeneration
 g - 3 potions of haste
 l - 2 potions of brilliance {unknown}
 m - 3 potions of lignification {unknown}
 n - a potion of magic {unknown}
 r - a potion of attraction {unknown}
 A - 2 potions of curing {unknown}


   Skills:
 + Level 6.9 Fighting
 + Level 2.0 Maces & Flails
 + Level 8.2 Polearms
 + Level 8.9 Armour
 + Level 1.5 Dodging
 + Level 1.0 Stealth
 + Level 5.6 Shields
 + Level 0.1 Evocations


You had 7 spell levels left.
You didn't know any spells.
Your spell library contained the following spells:

 Spells                   Type           Power      Damage    Failure   Level
 Dazzling Flash           Conj/Hex       0%         N/A       100%        3
 Iskenderun's Mystic Bla  Conj/Tloc      0%         2d3       100%        4
 Starburst                Conj/Fire      0%         6d3       100%        6


Dungeon Overview and Level Annotations

Branches:
Dungeon (6/15)
 Temple: D:4-7

Altars:

Shops:
D:1 :


Innate Abilities, Weirdness & Mutations

You have a pair of horns on your head.
You reflexively headbutt those who attack you in melee.


Message History

The orc hits you but does no damage.
You sock the orc wizard!
You feel better.
Your headbutt misses the orc wizard.
The orc wizard is almost dead.
The orc hits you but does no damage.
The orc warrior hits you with a +0 scimitar!
The orc wizard hits you but does no damage.
The gnoll completely misses you. The orc hits you but does no damage.
You hit the orc wizard.
The orc wizard's magic leaks into the air.
You headbutt the orc wizard, but do no damage.
The orc wizard is almost dead.
The orc wizard's magic is no longer disrupted.
The orc hits you but does no damage.
The orc warrior hits you but does no damage.
The orc wizard mumbles some strange words.
The orc wizard flickers and vanishes!
Deactivating autopickup; reactivate with Ctrl-A.
The gnoll hits you from afar with a +0 spear.
The orc hits you but does no damage.
You closely miss the orc. You headbutt the orc!
You kill the orc!
The orc warrior hits you with a +0 scimitar.
Something hits you but does no damage. The gnoll hits you but does no damage.
The orc hits you with a +0 club.
You miss something.
The orc warrior hits you with a +0 scimitar.
* * * LOW HITPOINT WARNING * * *
Something hits you but does no damage. The gnoll hits you but does no damage.
The orc closely misses you.
The orc warrior hits you with a +0 scimitar.
* * * LOW HITPOINT WARNING * * *
You sock something! You freeze something.
Reactivating autopickup.
You feel a bit more experienced. The gnoll barely misses you.
The orc hits you but does no damage.
The orc warrior hits you with a +0 scimitar!
* * * LOW HITPOINT WARNING * * *
The gnoll barely misses you. The orc hits you but does no damage.
The orc warrior throws a boomerang.
The boomerang hits you.
You die...

##.##......
#...##.....
##...# .....
##.##.# ....
#.....# ...
##.....#
#..)..## .
###.....#....
#...@.)......
......go)o.#.#..
..##.......###
..........#
.........#.#
.........#$#
.....##.##..
##..# #.. ...


You could see an orc warrior, a gnoll and an orc.

Vanquished Creatures
  Pikel (D:5)
  Menkaure (D:5)
  2 water moccasins (D:5)
  2 necrophages (D:5)
  An ogre (D:4)
  A phantom (D:5)
  A lemure (D:5)
  2 scorpions (D:5)
  A wyvern skeleton (D:6)
  A howler monkey (D:5)
  2 hounds (D:5)
  2 orc priests
  A jelly (D:4)
  Crazy Yiuf (D:5)
  A bullfrog skeleton (D:4)
  2 iguanas
  6 orc wizards
  5 gnolls
  4 adders
  An ufetubus (D:4)
  An adder zombie (D:5)
  A dart slug (D:1)
  A worm (D:5)
  18 orcs
  5 ball pythons
  4 bats
  8 endoplasms
  3 giant cockroaches
  12 goblins
  7 hobgoblins
  3 jackals (D:1)
  5 kobolds
  3 quokkas
  2 frilled lizards
  8 rats
119 creatures vanquished.

Vanquished Creatures (others)
  A fungus (D:1)
1 creature vanquished.

Grand Total: 120 creatures vanquished

Notes
Turn   | Place    | Note
-------+----------+-------------------------------------------
     0 | D:1      | Iusername the Minotaur Fighter began the quest for the Orb.
     0 | D:1      | Reached XP level 1. HP: 19/19 MP: 0/0
   141 | D:1      | Found a faded altar of an unknown god.
   194 | D:1      | Found Uqaant's Book Boutique.
   436 | D:1      | Reached XP level 2. HP: 21/27 MP: 1/1
  1108 | D:1      | Reached XP level 3. HP: 33/33 MP: 2/2
  2424 | D:3      | Reached XP level 4. HP: 38/40 MP: 3/3
  3311 | D:4      | Reached XP level 5. HP: 30/46 MP: 4/4
  3322 | D:4      | Reached skill level 5 in Armour
  3324 | D:4      | Reached skill level 1 in Dodging
  3737 | D:4      | Noticed an ogre
  3745 | D:4      | Killed an ogre
  3746 | D:4      | Reached XP level 6. HP: 25/55 MP: 5/5
  4843 | D:4      | Reached skill level 5 in Polearms
  5406 | D:5      | Entered Level 5 of the Dungeon
  5436 | D:5      | Noticed a water moccasin
  5440 | D:5      | Reached skill level 5 in Fighting
  5446 | D:5      | Noticed Menkaure
  5449 | D:5      | Killed a water moccasin
  5450 | D:5      | Reached XP level 7. HP: 37/61 MP: 6/6
  5454 | D:5      | Killed Menkaure
  6026 | D:5      | Reached skill level 1 in Stealth
  6119 | D:5      | Reached XP level 8. HP: 59/70 MP: 7/7
  6325 | D:5      | Noticed Pikel
  6353 | D:5      | Killed Pikel
  6354 | D:5      | Reached skill level 5 in Shields
  7209 | D:5      | Reached skill level 1 in Maces & Flails
  7382 | D:5      | Found a runed translucent door.
  7383 | D:5      | Noticed Crazy Yiuf
  7393 | D:5      | Killed Crazy Yiuf
  7547 | D:6      | Hit by a boomerang thrown by an orc warrior

Illustrated notes

Levels and vault maps discovered:
D:1:      minmay_arrival_wavy_path, layout_loops_cross,
          shapermc_ecumenical_altar_hornbeckon, serial_shops,
          nicolae_shop_competitors_out_of_business, moated_statue
D:2:      layout_basic
D:3:      layout_basic, grunt_decor_resistance, chequers_decorated_corner,
          st_stairs_6, minivault_11, minmay_goblin_outpost
D:4:      kb_forest_paths, layout_basic
D:5:      layout_loops_ring, uniq_crazy_yiuf_cottage, uniq_pikel, uniq_menkaure
D:6:      layout_cave_pools, minmay_misc_feat_square

Skill      XL: |  1  2  3  4  5  6  7  8 |
---------------+-------------------------+-----
Armour         | 4 5 6 7 8 |  8.9
Polearms       | 3 4 5 6 8 |  8.2
Fighting       | 4 5 6 |  6.9
Shields        | 4 5 |  5.6
Dodging        | 1 |  1.5
Stealth        | 1 |  1.0
Maces & Flails | 2 |  2.0
Evocations     | |  0.1

Action                   |  1- 3 |  4- 6 |  7- 9 || total
-------------------------+-------+-------+-------++-------
Melee: Trident           |    81 |   136 |   104 ||   321
       Headbutt          |     8 |    14 |    27 ||    49
       Whip              |       |       |    52 ||    52
       Quarterstaff      |       |       |    10 ||    10
Evoke: Wand              |       |       |     8 ||     8
  Use: Scroll            |       |     6 |     1 ||     7
       Potion            |       |     1 |     2 ||     3
Armor: Scale mail        |    40 |       |       ||    40
       Plate armour      |    29 |   146 |    93 ||   268
Dodge: Dodged            |    52 |    49 |    51 ||   152
Block: Buckler           |    26 |    37 |    37 ||   100
